 Dungeon Crawl Stone Soup version 0.27-a0-686-gaed091b46b (webtiles) character file.

Game seed: 7700963558309012617

17 Lanoc the Insei (level 2, -3/14 HPs)
             Began as a Vine Stalker Transmuter on Mar 20, 2021.
             Killed by nerve-wracking pain
             ... invoked by Jessica
              (9 damage)
             ... on level 2 of the Dungeon.
             The game lasted 00:01:03 (664 turns).

Lanoc the Insei (Vine Stalker Transmuter)            Turns: 664, Time: 00:01:04

Health: -3/14      AC:  2    Str: 12    XL:     2   Next: 62%
Magic:  0/6        EV: 12    Int: 13    God:
Gold:   25         SH:  0    Dex: 14    Spells: 4/5 levels left

rFire    . . .     SeeInvis .     - Unarmed
rCold    . . .     Faith    .   (no shield)
rNeg     . . .     Spirit   +   a - +0 robe
rPois    .         Reflect  .   (helmet currently unavailable)
rElec    .         Harm     .   (no cloak)
rCorr    .         Rampage  .   (no gloves)
Will     .....                  (boots currently unavailable)
Stlth    +.........             (no amulet)
HPRegen  0.04/turn              (no ring)
MPRegen  0.10/turn              (no ring)

@: appendages (expiring)
A: horns 2, talons 2, fangs 2, magic shield, antimagic bite, no potion heal 3
a: End Transformation


You were on level 2 of the Dungeon.
You had temporarily grown beastly horns and talons.
You visited 1 branch of the dungeon, and saw 2 of its levels.

You collected 25 gold pieces.

Inventory:

Armour
 a - a +0 robe (worn)
Scrolls
 c - a scroll of identify {unknown}
Potions
 b - 3 potions of curing {unknown}


   Skills:
 + Level 1.2 Fighting
 + Level 1.8 Dodging
 * Level 3.3 Unarmed Combat
 - Level 2.1 Spellcasting
 + Level 2.2 Transmutations


You had 4 spell levels left.
You knew the following spells:

 Your Spells              Type           Power      Damage    Failure   Level
a - Beastly Appendage     Tmut           14%        N/A       10%         1

Your spell library contained the following spells:

 Spells                   Type           Power      Damage    Failure   Level
 Wereblood                Tmut           7%         N/A       16%         2
 Magic Dart               Conj           4%         1d3       26%         1
 Blink                    Tloc           N/A        N/A       36%         2
 Call Imp                 Summ           1%         N/A       36%         2
 Slow                     Hex            1%         N/A       36%         2
 Spider Form              Tmut/Pois      2%         N/A       43%         3
 Conjure Flame            Conj/Fire      1%         6-21      58%         3
 Mephitic Cloud           Conj/Pois/Air  1%         N/A       58%         3
 Ice Form                 Ice/Tmut       4%         N/A       85%         4
 Blade Hands              Tmut           3%         N/A       95%         5


Dungeon Overview and Level Annotations

Branches:
Dungeon (2/15)

Altars:

Annotations:
D:2 Jessica


Innate Abilities, Weirdness & Mutations

You have temporarily grown beastly horns and talons.
You have extremely sharp teeth.
When hurt, damage is shared between your health and your magic reserves.
Your bite disrupts and absorbs the magic of your enemies.
Potions cannot restore your health.


Message History

Jessica hits you.
You hit Jessica but do no damage.
Jessica is moderately wounded.
Jessica gestures wildly while chanting.
Jessica blinks!
You hit the bat.
You kill the bat!
You hit the kobold. Your kick misses the kobold. You headbutt the kobold.
You kill the kobold!
Jessica points at you and mumbles some strange words.
You resist with some effort.
Your horns disappear.
Your talons disappear.
Jessica casts a spell.
Jessica blinks!
Found a chain mail.
You see here a +0 chain mail.
You start resting.
Jessica is nearby!
A bat comes into view.
Found a scroll labelled WUNOALLOO.
The bat closely misses you. The bat barely misses you. x2
The bat barely misses you.
Casting: Beastly Appendage (safe; 10% risk of failure)
Confirm with . or Enter, or press ? or * to list all spells.
You grow a pair of large bovine horns.
Your feet morph into talons.
The bat barely misses you.
You hit the bat. You claw the bat, but do no damage.
Your headbutt misses the bat.
The bat is heavily wounded.
Your transformation is almost over.
The bat hits you. The bat barely misses you.
The bat hits you but does no damage.
You hit the bat.
You kill the bat!
Jessica casts a spell at you. Pain shoots through your body!
Ouch! That really hurt!
You die...

.. #.. #.# ... #.# #.### ....
##.## #.#.##
.....####...##########....###
.?...'......)................
....##.#@..##.#######....###
. #.##.###.# #.#†##
#.##.###.# ##.### #.##.@@..#
#..# #@#####..# #.####### #.#
#..# ###........
#.#####..##.........###
#...[....##.###..##.# #
#######.## #..##.### #.#
#.......# #.# ##.#..... #.#
#.####.#.....


You could see Jessica.

Vanquished Creatures
  2 dart slugs
  3 bats
  2 giant cockroaches
  A goblin (D:1)
  A hobgoblin (D:1)
  A frilled lizard (D:1)
  A kobold (D:2)
  2 rats
13 creatures vanquished.

Notes
Turn   | Place    | Note
-------+----------+-------------------------------------------
     0 | D:1      | Lanoc the Vine Stalker Transmuter began the quest for the
                  | Orb.
     0 | D:1      | Reached XP level 1. HP: 9/9 MP: 4/4
    83 | D:1      | Reached skill level 1 in Fighting
   110 | D:1      | Reached XP level 2. HP: 14/14 MP: 4/6
   612 | D:2      | Noticed Jessica
   664 | D:2      | Killed from afar by Jessica

Illustrated notes

Levels and vault maps discovered:
D:1:      dpeg_arrival_rhombus, layout_basic, serial_glass, glass_columns_a,
          glass_columns_b, hangedman_decor_clover_reticule
D:2:      layout_loops_corners, minivault_23, uniq_jessica

Skill      XL: |  1 |
---------------+----+-----
Fighting       | 1 |  1.2
Dodging        | |  1.8
Unarmed Combat | |  3.3
Spellcasting   | |  2.1
Transmutations | |  2.2

Action                   || total
-------------------------++-------
Melee: Unarmed           ||    32
       Bite              ||     7
       Kick              ||    10
       Headbutt          ||     3
 Cast: Beastly Appendage ||     9
Armor: Robe              ||     6
Dodge: Dodged            ||    21

Table legend: (Time is in decaauts)
 A = Elapsed time spent in this place.
 B = Non-inter-level travel time spent in this place.
 C = Inter-level travel time spent in this place.
 D = Time resting spent in this place.
 E = Time spent auto-exploring this place.
 F = Levels seen in this place.
 G = Mean time per level.
                   A        B        C        D        E       F      G
               +--------+--------+--------+--------+--------+-----+--------+
         Total |    661 |    661 |      0 |      7 |    550 |   2 |  330.5 |
       Dungeon |    661 |    661 |      0 |      7 |    550 |   2 |  330.5 |
               +--------+--------+--------+--------+--------+-----+--------+

Top non-repeatable levels by time:
     D:2: 458 daAuts
     D:1: 203 daAuts
